 Dungeon Crawl Stone Soup version 0.31-a0-542-gdc2a67831c (webtiles) character file.

Game seed: 3415375311456766886

164 AdnanSaban the Trooper (level 5, -8/34 HPs)
             Began as a Gargoyle Fighter on Aug 13, 2023.
             Mangled by an iguana (10 damage)
             ... on level 4 of the Dungeon.
             The game lasted 00:02:42 (2211 turns).

AdnanSaban the Trooper (Gargoyle Fighter)           Turns: 2211, Time: 00:02:43

Health: -8/34      AC: 12    Str: 22    XL:     5   Next: 45%
Magic:  5/5        EV:  9    Int:  8    God:
Gold:   141        SH:  4    Dex:  9    Spells: 4/4 levels left

rFire   . . .        a - +0 flail
rCold   . . .        c - +0 buckler
rNeg    + . .        b - +0 scale mail
rPois   ∞            g - +0 helmet
rElec   +            (no cloak)
rCorr   .            (no gloves)
SInv    .            (no boots)
Will    .....        (no amulet) Stlth
                     (no ring)
HPRegen 0.25/turn    (no ring)
MPRegen 0.09/turn

%: no passive effects
@: no status effects
A: sickness immunity, AC +4, negative energy resistance 1, electricity
resistance, torment resistance 1, petrification resistance
a: no special abilities


You were on level 4 of the Dungeon.
You visited 1 branch of the dungeon, and saw 4 of its levels.

You collected 141 gold pieces.

Inventory:

Hand Weapons
 a - a +0 flail (weapon)
Armour
 b - a +0 scale mail (worn)
 c - a +0 buckler (worn)
 g - a +0 helmet (worn)
Scrolls
 e - 3 scrolls of identify {unknown}
 f - 4 scrolls of teleportation {unknown}
 i - a scroll of brand weapon {unknown}
 j - 2 scrolls of fear {unknown}
 k - a scroll of enchant weapon {unknown}
 m - a scroll of amnesia {unknown}
 n - a scroll of enchant armour {unknown}
Potions
 d - a potion of might
 h - 3 potions of heal wounds {unknown}
 l - 4 potions of brilliance {unknown}
 o - a potion of attraction {unknown}
 p - a potion of invisibility {unknown}
 q - a potion of magic {unknown}


   Skills:
 + Level 4.3 Fighting
 + Level 3.6 Maces & Flails
 + Level 4.0 Armour
 + Level 0.9 Dodging
 + Level 3.7 Shields


You had 4 spell levels left.
You didn't know any spells.
Your spell library contained the following spells:

 Spells                   Type           Power      Damage    Failure   Level
 Slow                     Hex            0%         N/A       80%         1
 Confusing Touch          Hex            0%         N/A       99%         3
 Vampiric Draining        Necr           0%         2d6       99%         3


Dungeon Overview and Level Annotations

Branches:
Dungeon (4/15)
 Temple: D:4-7

Altars:
Dithmenos
Elyvilon

Shops:
D:1 =   D:2 [:

Annotations:
D:3 3 runed translucent doors, Ethylacetat's ghost, amateur OpGl


Innate Abilities, Weirdness & Mutations

You are immune to sickness and miasma.
Your stone body is resilient. (AC +4)
You are immune to poison.
You resist negative energy. (rN+)
You are resistant to electric shocks. (rElec)
You are resistant to unholy torment.
You are immune to petrification.


Message History

You barely miss the iguana.
The iguana is severely wounded.
The iguana bites you!
You are too injured to fight recklessly!
You are too injured to fight recklessly!
You are too injured to fight recklessly!
You are too injured to fight recklessly!
You are too injured to fight recklessly!
You are too injured to fight recklessly!
You are too injured to fight recklessly!
You are too injured to fight recklessly!
You are too injured to fight recklessly!
You are too injured to fight recklessly!
You are too injured to fight recklessly!
An iguana is nearby!
An iguana is nearby!
You hit the iguana but do no damage.
The iguana is severely wounded.
The iguana bites you but does no damage.
You hit the iguana but do no damage.
The iguana is severely wounded.
The iguana bites you.
You hit the iguana.
The iguana is severely wounded.
The iguana bites you. x2
You barely miss the iguana.
The iguana is severely wounded.
The iguana bites you.
* * * LOW HITPOINT WARNING * * *
You completely miss the iguana.
The iguana is severely wounded.
The iguana bites you!
* * * LOW HITPOINT WARNING * * *
You closely miss the iguana.
The iguana is severely wounded.
You block the iguana's attack.
You hit the iguana.
The iguana is almost dead.
The iguana bites you!
You die...

#..).)......######
#######...#########
# ........### #
#######.## #
.........# #
.######..# # #..# .
#..# #@.# #$.l#.#
......###..
####.>.#.###
..#######.#..#
............#
#..<...# #.###.#.#
# #


You could see an iguana.

Vanquished Creatures
  Terence (D:2)
  6 adders
  2 worms
  4 dart slugs
  3 orcs
  7 ball pythons
  5 endoplasms
  3 giant cockroaches
  7 goblins
  2 hobgoblins (D:1)
  6 jackals
  8 kobolds
  2 quokkas (D:1)
  6 bats
  4 frilled lizards
  7 rats
73 creatures vanquished.

Notes
Turn   | Place    | Note
-------+----------+-------------------------------------------
     0 | D:1      | AdnanSaban the Gargoyle Fighter began the quest for the
                  | Orb.
     0 | D:1      | Reached XP level 1. HP: 14/14 MP: 1/1
    53 | D:1      | Found Toygrips's Jewellery Shoppe.
    89 | D:1      | You fall into a shaft and drop 1 floor!
   110 | D:2      | Reached XP level 2. HP: 19/19 MP: 2/2
   111 | D:2      | Identified the +1 leather armour of the Blizzard {-Tele
                  | Rampage rElec rN+}
   352 | D:1      | Reached XP level 3. HP: 14/24 MP: 3/3
   708 | D:2      | Reached XP level 4. HP: 28/29 MP: 4/4
   756 | D:2      | Noticed Terence
   762 | D:2      | Killed Terence
   770 | D:2      | Found Fuxem's Armour Shoppe.
   929 | D:2      | Identified the +6 dagger of Konone {elec, *Rage rF+++
                  | Stlth+}
   992 | D:2      | Found Rexuwomm's Book Shop.
  1310 | D:3      | Reached XP level 5. HP: 32/34 MP: 5/5
  1387 | D:3      | Identified the +3 quarterstaff "Vack" {freeze, rF+ Dex+3}
  1419 | D:3      | Found a white marble altar of Elyvilon.
  1466 | D:3      | Found a shadowy altar of Dithmenos.
  1654 | D:3      | Found a runed translucent gate.
  1656 | D:3      | Found a runed translucent gate.
  1656 | D:3      | Found a runed translucent gate.
  1665 | D:3      | Noticed Ethylacetat's ghost (amateur OpGl)
  2211 | D:4      | Mangled by an iguana

Illustrated notes

Levels and vault maps discovered:
D:1:      spicycebolla_arrival_ecumenical, layout_rooms, serial_shops,
          nicolae_shop_gibbet_a_chance, st_stairs_6
D:2:      layout_basic, serial_shops, nicolae_shop_behind_doors,
          nicolae_shop_behind_doors, kennysheep_donut, minmay_split_cup_large,
          uniq_terence
D:3:      layout_loops_ring, mainiacjoe_overflow_catwalk,
          nicolae_dithmenos_through_a_glass_darkly, gammafunk_ghost_necromancy
D:4:      lemuel_castle_with_subvaults [lemuel_castle_interior_carwin_1],
          layout_loops_ring, nicolae_ru_awakened_eye, dk_xom_monty_hall,
          uniq_eustachio

Skill      XL: |  1  2  3  4  5 |
---------------+----------------+-----
Fighting       | 4 |  4.3
Maces & Flails | 3 |  3.6
Armour         | 4 |  4.0
Dodging        | |  0.9
Shields        | |  3.7

Action                     |  1- 3 |  4- 6 || total
---------------------------+-------+-------++-------
  Melee: Flail             |    95 |   159 ||   254
 Armour: Scale mail        |    78 |   115 ||   193
  Dodge: Dodged            |    70 |    87 ||   157
  Block: Buckler           |    23 |    43 ||    66

Table legend: (Time is in decaauts)
 A = Elapsed time spent in this place.
 B = Non-inter-level travel time spent in this place.
 C = Inter-level travel time spent in this place.
 D = Time resting spent in this place.
 E = Time spent auto-exploring this place.
 F = Levels seen in this place.
 G = Mean time per level.
                   A        B        C        D        E       F      G
               +--------+--------+--------+--------+--------+-----+--------+
         Total |   2285 |   2156 |    129 |      0 |   1557 |   4 |  571.2 |
       Dungeon |   2285 |   2156 |    129 |      0 |   1557 |   4 |  571.2 |
               +--------+--------+--------+--------+--------+-----+--------+

Top non-repeatable levels by time:
     D:3: 856 daAuts
     D:2: 819 daAuts
     D:1: 530 daAuts
     D:4: 78 daAuts
